 Dungeon Sprint DCSS version 0.24-a0-584-g9d6b971ae4 (webtiles) character file.

10 DEFE the Ducker (level 2, 25/25 HPs)
             Began as a Demigod Fighter on Sept 30, 2015.
             Quit the game in the Dungeon (Sprint V: "Ziggurat Sprint") on Sept 2, 2019.
             The game lasted 00:00:42 (18 turns).

DEFE the Ducker (Demigod Fighter)                     Turns: 18, Time: 00:00:43

Health: 25/25      AC:  6    Str: 19    XL:     2   Next: 0%
Magic:  4/4        EV: 11    Int: 12    God:
Gold:   0          SH:  9    Dex: 15    Spells: 1/1 levels left

rFire    . . .     SeeInvis .   a - +0 long sword
rCold    . . .     Gourm    .   c - +0 shield
rNeg     . . .     Faith    .   b - +0 scale mail
rPois    .         Spirit   .   (no helmet)
rElec    .         Reflect  .   (no cloak)
rCorr    .         Harm     .   (no gloves)
MR       .....     NoTele   +   (no boots)
Stlth    ..........             (no amulet)
HPRegen  0.08/turn              (no ring)
MPRegen  0.09/turn              (no ring)

@: no status effects
A: high mp 1
a: no special abilities


You were in the Dungeon.
You were not hungry.

You visited 1 branch

Inventory:

Hand Weapons
 a - a +0 long sword (weapon)
Armour
 b - a +0 scale mail (worn)
 c - a +0 shield (worn)
Scrolls
 k - 4 scrolls of blinking
 o - 4 scrolls of amnesia
 q - 3 scrolls of removedness
 r - 7 scrolls of fog
 s - a scroll of holy word
 t - 5 scrolls of identify
 u - 5 scrolls of remove curse
 v - 2 scrolls of fear
Potions
 d - 6 potions of might
 f - 10 potions of curing
 g - 10 potions of heal wounds
 h - 6 potions of haste
 i - 7 potions of magic
 j - 3 potions of berserk rage
 l - 2 potions of brilliance
 m - 2 potions of invisibility
 n - 4 potions of resistance
 p - 5 potions of agility
Comestibles
 e - 17 rations


   Skills:
 - Level 2.6 Fighting
 - Level 1.7 Long Blades
 - Level 2.6 Armour
 + Level 6.7 Dodging
 - Level 2.6 Shields


You had one spell level left.
You didn't know any spells.
Your spell library was empty.

Dungeon Overview and Level Annotations

Branches:
Dungeon (1/1)


Innate Abilities, Weirdness & Mutations

You have an increased reservoir of magic. (+10% MP)


Message History

l - 2 potions of brilliance;
m - 2 potions of invisibility
h - 6 potions of haste (gained 5);
n - 4 potions of resistance
o - a potion of experience;
i - 7 potions of magic (gained 5)
p - 5 potions of agility;
d - 6 potions of might (gained 5)
j - 3 potions of berserk rage (gained 2)
g - 10 potions of heal wounds (gained 9)
f - 10 potions of curing (gained 9) Drink which item? (? for menu, Esc to quit)
You feel more experienced!
Your Dodging skill gained 6 levels and is now at level 6!
You have reached level 2!
Welcome back, DEFE the Demigod Fighter.
o - 4 scrolls of amnesia;
q - 3 scrolls of removedness;
r - 7 scrolls of fog
s - a scroll of holy word;
t - 5 scrolls of identify
u - 5 scrolls of remove curse;
v - 2 scrolls of fear
k - 4 scrolls of blinking (gained 3)
e - 9 rations (gained 8);
e - 13 rations (gained 4);
e - 17 rations (gained 4)
Okay, then.

▓▓▓▓▓▓▓▓▓▓▓▓▓▓▓▓▓
▓_8_8_88©88_8_8_▓
▓8.........))..8▓
▓_..))........._▓
▓8..)).........8▓
▓_..().....}..._▓
▓8...).@...=...8▓
▓_.........|..._▓
▓8...[...../...8▓
▓_...[.<......._▓
▓8.............8▓
▓_8_8_8_8_8_8_8_▓
▓▓▓▓▓▓▓▓▓▓▓▓▓▓▓▓▓


There were no monsters in sight!

Vanquished Creatures (others)
  2 spatial maelstroms (D)
2 creatures vanquished.

Notes
Turn   | Place    | Note
-------+----------+-------------------------------------------
     0 | D        | DEFE the Demigod Fighter began the quest for the Orb.
     0 | D        | Reached XP level 1. HP: 18/18 MP: 3/3
     0 | D        | Found a roughly hewn altar of Beogh.
     0 | D        | Found a corrupted altar of Lugonu.
     0 | D        | Found a viscous altar of Jiyva.
     0 | D        | Found a white marble altar of Elyvilon.
     0 | D        | Found a sparkling altar of Nemelex Xobeh.
     0 | D        | Found a burning altar of Makhleb.
     0 | D        | Found an iron altar of Okawaru.
     0 | D        | Found a deep blue altar of Sif Muna.
     0 | D        | Found a radiant altar of Vehumet.
     0 | D        | Found a bloodstained altar of Trog.
     0 | D        | Found a shimmering altar of Xom.
     2 | D        | Reached skill level 6 in Dodging
     2 | D        | Reached XP level 2. HP: 25/25 MP: 4/4
     6 | D        | Banished a spatial maelstrom
     8 | D        | Banished a spatial maelstrom
    18 | D        | Quit the game

Levels and vault maps discovered:
D:        sprint_v

Skill      XL: |  1 |
---------------+----+-----
Dodging        | 6 |  6.7
Fighting       | |  2.6
Long Blades    | |  1.7
Armour         | |  2.6
Shields        | |  2.6

Action                   || total
-------------------------++-------
  Use: Potion            ||     1

Table legend:
 A = Non-vault XP
 B = Vault XP
 C = Vault XP percentage of total XP
 D = Non-vault monster count
 E = Vault monster count
 F = Vault count percentage of total count
                 A         B        C        D         E       F
            +---------+---------+-------+---------+---------+-------
      Total |       0 |       0 |   N/A |       0 |       0 |  -nan
            +---------+---------+-------+---------+---------+-------
            +---------+---------+-------+---------+---------+-------
